 Dungeon Crawl Stone Soup version 0.20.1-1-g8b1a95d (webtiles) character file.

17 sheltatha the Grave Robber (level 2, 15/15 HPs)
             Began as a Deep Elf Necromancer on Aug 19, 2017.
             Got out of the dungeon alive.
             The game lasted 00:06:14 (482 turns).

sheltatha the Grave Robber (Deep Elf Necromancer)    Turns: 482, Time: 00:06:14

Health: 15/15      AC:  2    Str:  5    XL:     2   Next: 44%
Magic:  8/8        EV: 13    Int: 19    God:
Gold:   31         SH:  0    Dex: 15    Spells: 5/7 levels left

rFire    . . .     SeeInvis .   (no weapon)
rCold    . . .     Gourm    .   (no shield)
rNeg     . . .     Faith    .   a - +0 robe
rPois    .         Spirit   .   (no helmet)
rElec    .         Reflect  .   (no cloak)
rCorr    .         Harm     .   (no gloves)
MR       .....                  (no boots)
Stlth    ++........             (no amulet)
Regen    0.1/turn               (no ring)
MPRegen  0.2/turn               (no ring)

@: no status effects
A: no striking features
a: no special abilities


You escaped.
You were not hungry.

You visited 1 branch of the dungeon, and saw 1 of its levels.

You collected 31 gold pieces.

Inventory:

Armour
 a - a +0 robe (worn)
 j - a +0 robe
Jewellery
 k - an uncursed ring of protection from cold {unknown}
Scrolls
 d - a scroll of immolation {unknown}
 f - 2 scrolls of remove curse {unknown}
 g - a scroll of amnesia {unknown}
 i - a scroll of identify {unknown}
Books
 b - a book of Necromancy

   Spells                             Type                      Level
   a - Pain                           Necromancy                   1
   b - Animate Skeleton               Necromancy                   1
   c - Vampiric Draining              Necromancy                   3
   d - Regeneration                   Charms/Necromancy            3
   e - Animate Dead                   Necromancy                   4
   f - Control Undead                 Necromancy                   4
Comestibles
 c - a bread ration
 h - 3 chunks of flesh


   Skills:
 + Level 2.5 Dodging
 + Level 2.4 Stealth
 + Level 3.0 Spellcasting
 + Level 5.6 Necromancy


You had 5 spell levels left.
You knew the following spells:

 Your Spells              Type           Power        Failure   Level  Hunger
a - Pain                  Necr           ###.         1%          1    None
b - Animate Skeleton      Necr           N/A          1%          1    None


Dungeon Overview and Level Annotations

Branches:
Dungeon (1/15)

Altars:


Message History

f - 2 scrolls labeled LAISKE ANNUNN (gained 1) Unknown command.
Unknown command.
Unknown command.
Unknown command.
It was a potion of curing.
You feel better.
Welcome back, sheltatha the Deep Elf Necromancer.
Press ? for a list of commands and other information.
Unknown command.
Some of the chunks of flesh in your inventory have rotted away.
Your jackal skeleton crumbles into dust!
You swap places.
Some of the chunks of flesh in your inventory have rotted away.
There is a staircase leading out of the dungeon here.
Are you sure you want to leave the Dungeon?
This will make you lose the game!
Uppercase [Y]es or [N]o only, please.
Are you sure you want to leave the Dungeon?
This will make you lose the game!
Uppercase [Y]es or [N]o only, please.
Are you sure you want to leave the Dungeon?
This will make you lose the game!
You have escaped!

#.######......#
#.# # #.#
#.###### #.# .
#.# #.#.# ...
###.######.#.####
#.#
#...............#
...
#.#.######.#....#
#.#.# #.#....##
#.#### #.#.#
#.#...Z8# #.....
#.#.# #.#....@#
###### ..#.#
#.#....8# ###.##
#......## ######
##...#####.....(#
......
##.......#......#
######
##...###.#.#.####
###### #.[.#.# #
#..##.. #
#..#####


You could see a friendly jackal skeleton.

Vanquished Creatures
  An ooze (D:1)
  A bat (D:1)
  2 goblins (D:1)
  A hobgoblin (D:1)
  3 jackals (D:1)
  A frilled lizard (D:1)
  A kobold (D:1)
  A rat (D:1)
11 creatures vanquished.

Vanquished Creatures (collateral kills)
  A frilled lizard (D:1)
1 creature vanquished.

Grand Total: 12 creatures vanquished

Notes
Turn   | Place    | Note
-------+----------+-------------------------------------------
     0 | D:1      | sheltatha the Deep Elf Necromancer began the quest for the Orb.
     0 | D:1      | Reached XP level 1. HP: 10/10 MP: 6/6
     2 | D:1      | Learned a level 1 spell: Animate Skeleton
    31 | D:1      | Reached skill level 5 in Necromancy
   131 | D:1      | Reached XP level 2. HP: 8/15 MP: 5/8
   482 | D:$      | Got out of the dungeon alive.

Skill      XL: |  1 |
---------------+----+-----
Necromancy     | 5 |  5.6
Dodging        | |  2.5
Stealth        | |  2.4
Spellcasting   | |  3.0

Action                   || total
-------------------------++-------
Melee: Unarmed           ||     2
 Cast: Pain              ||    20
       Animate Skeleton  ||     6
  Use: Potion            ||     1
Armor: Robe              ||     5
Dodge: Dodged            ||    10
